 Dungeon Crawl Stone Soup version 0.29-a0-334-gb41bcbb86e (webtiles) character file.

Game seed: 12521785718440460442

13215 bande the Cleaver (level 12, -1/73 HPs)
             Began as a Gargoyle Fighter on Apr 13, 2022.
             Was the Champion of Okawaru.
             Slain by a large abomination (15 damage)
             ... on level 1 of the Abyss.
             The game lasted 00:24:15 (8631 turns).

bande the Cleaver (Gargoyle Fighter)                Turns: 8631, Time: 00:24:15

Health: -1/73      AC: 29    Str: 26    XL:     12   Next: 3%
Magic:  17/17      EV:  8    Int: 13    God:    Okawaru [******]
Gold:   399        SH:  5    Dex: 13    Spells: 11/11 levels left

rFire   . . .      SeeInvis .   p - +8 mithril axe "Arga" {speed, Will+}
rCold   . . .      Faith    .   c - +0 buckler
rNeg    + . .      Spirit   .   u - +3 chain mail {rPois}
rPois   ∞          Reflect  .   F - +2 helmet {Int+3}
rElec   +          Harm     .   x - +2 cloak {Stlth+}
rCorr   .          Rampage  .   (no gloves)
Will    +....                   (no boots)
Stlth   ..........              l - amulet of regeneration
HPRegen 1.02/turn               m - ring of flight
MPRegen 0.15/turn               z - +6 ring of strength

@: flying
A: sickness immunity, AC +8, negative energy resistance 1, electricity
resistance, torment resistance 1, petrification resistance, wild magic 1
a: Renounce Religion, Heroism, Finesse, Duel


You were on level 1 of the Abyss.
You worshipped Okawaru.
Okawaru was exalted by your worship.
You visited 2 branches of the dungeon, and saw 11 of its levels.
You visited the Abyss 1 time.

You collected 669 gold pieces.
You spent 270 gold pieces at shops.

Inventory:

Hand Weapons
 a - a +0 war axe
 f - a +3 war axe of electrocution
 p - the +8 mithril axe "Arga" (weapon) {speed, Will+}
   (You acquired it on level 9 of the Dungeon)

   Attacks with this weapon are significantly faster.
   Will:      It increases your willpower.
 A - a +0 broad axe
 B - a +0 flail of protection
Armour
 c - a +0 buckler (worn)
 u - a +3 chain mail of poison resistance (worn)
 x - a +2 cloak of stealth (worn)
 F - a +2 helmet of intelligence (worn)
Jewellery
 l - an amulet of regeneration (around neck)
 m - a ring of flight (left hand)
 r - a ring of fire
 y - a ring of resist corrosion
 z - a +6 ring of strength (right hand)
 H - an amulet of magic regeneration
 L - a ring of protection from cold
Wands
 b - a wand of polymorph (18)
 o - a wand of mindburst (5)
 s - a wand of paralysis (6)
 C - a wand of acid (19)
 I - a wand of digging (7)
Scrolls
 q - 3 scrolls of teleportation
 v - 2 scrolls of fear
 w - a scroll of fog
 E - 3 scrolls of enchant weapon
 M - 2 scrolls of magic mapping
Potions
 d - 4 potions of might
 e - 4 potions of cancellation
 g - 3 potions of brilliance
 h - a potion of magic
 i - 2 potions of haste
 j - 2 potions of curing
 k - 2 potions of invisibility
 n - 2 potions of mutation
 t - a potion of resistance
 G - a potion of ambrosia
 N - a potion of attraction {unknown}


   Skills:
 + Level 7.9 Fighting
 + Level 11.1 Axes
 + Level 8.5 Armour
 + Level 6.8 Shields
 + Level 0.9 Unarmed Combat
 * Level 6.8 Invocations
 * Level 6.8 Evocations


You had 11 spell levels left.
You didn't know any spells.
Your spell library contained the following spells:

 Spells                   Type           Power      Damage    Failure   Level
 Pain                     Necr           0%         1d4       93%         1
 Slow                     Hex            0%         N/A       93%         1
 Static Discharge         Conj/Air       0%         N/A       98%         2
 Confusing Touch          Hex            0%         N/A       100%        3
 Inner Flame              Hex/Fire       0%         N/A       100%        3
 Vampiric Draining        Necr           0%         2d6       100%        3
 Cause Fear               Hex            0%         N/A       100%        4
 Dispel Undead            Necr           0%         3d6       100%        4
 Sticky Flame             Conj/Fire      0%         2d3       100%        4
 Iskenderun's Battlesphe  Conj           0%         2d6       100%        5
 Iron Shot                Conj/Erth      0%         9d1       100%        6
 Discord                  Hex            0%         N/A       100%        8
 Animate Skeleton         Necr           Unusable   N/A       N/A         1
 Spellforged Servitor     Conj/Summ      Unusable   N/A       N/A         7

Dungeon Overview and Level Annotations

Branches:
Dungeon (10/15)            Temple (1/1) D:5             Orc (0/2) D:9
   Lair: D:8-11

Altars:
Ashenzari
Cheibriados
Dithmenos
Elyvilon
Fedhas
Gozag
Hepliaklqana
Kikubaaqudgha
Makhleb
Nemelex Xobeh
Okawaru
Qazlal
Sif Muna
Trog
Uskayaw
Vehumet
Wu Jian
Xom
Yredelemnul
Zin
The Shining One
Ignis

Shops:
D:6 **   D:7 [[   D:8 *   D:9 [

Annotations:
D:10 Sonja


Innate Abilities, Weirdness & Mutations

You are immune to sickness and miasma.
Your stone body is resilient. (AC +8)
You are immune to poison.
You resist negative energy. (rN+)
You are resistant to electric shocks. (rElec)
You are resistant to unholy torment.
You are immune to petrification.
Your spells are a little harder to cast, but a little more powerful.


Message History

The starcursed mass shudders and is absorbed by its neighbour.
The worldbinder calls forth creatures from the Crypt!
The large abomination hits you but does no damage.
The thrashing horror tramples you.
You hold your ground!
The thrashing horror tramples you.
You hold your ground!
You hit the large abomination but do no damage.
The large abomination is lightly damaged.
You hit the worldbinder but do no damage.
You closely miss the large abomination. You slash the skeletal warrior!
You barely miss the thrashing horror. The thrashing horror barely misses you.
The thrashing horror closely misses you.
The worldbinder hits you.
The worldbinder hits you but does no damage.
The large abomination barely misses you.
A starcursed mass splits.
You slice the large abomination!!
The large abomination is heavily damaged.
You hit the starcursed mass. You slash the thrashing horror!
You hit the skeletal warrior but do no damage.
You hit the large abomination but do no damage.
You barely miss the worldbinder.
The starcursed mass shudders and is absorbed by its neighbour.
The thrashing horror tramples you but does no damage. x2
The worldbinder hits you but does no damage.
The worldbinder barely misses you. The large abomination hits you!
* * * LOW HITPOINT WARNING * * *
You block the skeletal warrior's attack.
The large abomination hits you but does no damage.
A starcursed mass splits.
You hit the large abomination but do no damage.
The large abomination is heavily damaged.
You hit the worldbinder.
You hit the large abomination but do no damage.
You hit the skeletal warrior. You closely miss the thrashing horror.
The thrashing horror tramples you but does no damage. x2
The worldbinder hits you but does no damage.
You block the worldbinder's attack.
The thrashing horror tramples you but does no damage. x2
The large abomination hits you!
You die...

#...###. .####. .
.....#.....# .##
... ........##
...
............#....
.............
.... # .......X..
.. ..
##....##..X###
..# . ...#...XX#
#.## .........@##
. # ........zXx#
..
........pp.....
...#......#....
.. ##...####...#
.. ..... #.##
#..##. ..# #.. .
.. ... ..


You could see 2 starcursed masses, a skeletal warrior (summoned), a thrashing
horror, 2 large abominations, 2 necromancers and a worldbinder.

Vanquished Creatures
  A spatial maelstrom (Abyss:1)
  Pikel (D:4)
  A worldbinder (Abyss:1)
  A centaur zombie (D:9)
  Maurice (D:7)
  Joseph (D:9)
  3 centaur skeletons (D:9)
  5 kobold demonologists
  3 hellwings (D:9)
  A troll (D:9)
  Grinder (D:3)
  3 raiju (Abyss:1)
  A meliai zombie (D:9)
  A wraith (D:9)
  A shadow (D:9)
  26 yaks
  A ynoxinul (Abyss:1)
  A steam dragon (D:8)
  3 vampire mosquitoes (D:9)
  Menkaure (D:7)
  Edmund (D:4)
  3 orc warriors (D:9)
  2 sky beasts
  An ice beast (D:7)
  4 centaurs
  A phantom (D:5)
  5 kobold brigands
  Blork the orc (D:4)
  2 gnoll sergeants (D:8)
  4 bullfrogs
  A necrophage (D:5)
  4 scorpions
  9 wights
  3 killer bees (D:8)
  4 howler monkeys
  3 jellies
  2 hounds
  Crazy Yiuf (D:3)
  2 orc priests
  A gnoll shaman (D:9)
  Terence (D:3)
  An orc wizard (D:9)
  Ijyb (D:3)
  3 iguanas
  12 gnolls
  9 adders
  2 shadow imps (D:7)
  3 white imps
  An ufetubus (Abyss:1)
  4 worms
  2 dart slugs
  13 orcs
  6 endoplasms
  3 giant cockroaches
  10 goblins
  4 hobgoblins
  9 jackals
  A quokka (D:2)
  8 ball pythons
  7 bats
  3 frilled lizards
  25 kobolds
  3 rats (D:1)
242 creatures vanquished.

Vanquished Creatures (others)
  A bloated husk (Abyss:1)
  A small abomination (Abyss:1)
  A bush (Abyss:1)
  4 plants (D:3)
7 creatures vanquished.

Grand Total: 249 creatures vanquished

Notes
Turn   | Place    | Note
-------+----------+-------------------------------------------
     0 | D:1      | bande the Gargoyle Fighter began the quest for the Orb.
     0 | D:1      | Reached XP level 1. HP: 14/14 MP: 1/1
   271 | D:1      | Reached XP level 2. HP: 19/19 MP: 2/2
   409 | D:1      | Reached skill level 2 in Axes
   682 | D:1      | Reached XP level 3. HP: 23/23 MP: 3/3
   699 | D:1      | Found a faded altar of an unknown god.
  1405 | D:2      | Reached XP level 4. HP: 29/29 MP: 4/4
  1706 | D:3      | Reached skill level 3 in Axes
  2023 | D:3      | Noticed Terence
  2032 | D:3      | HP: 1/29 [Terence/+4 hand axe (7)]
  2036 | D:3      | Killed Terence
  2405 | D:3      | Noticed Ijyb
  2414 | D:3      | Killed Ijyb
  2415 | D:3      | Reached XP level 5. HP: 33/33 MP: 5/5
  2510 | D:3      | Noticed Grinder
  2534 | D:3      | Paralysed by Grinder for 2 turns
  2543 | D:3      | Killed Grinder
  2544 | D:3      | Reached skill level 4 in Axes
  2544 | D:3      | Reached XP level 6. HP: 38/38 MP: 6/6
  2754 | D:3      | Found a runed translucent door.
  2755 | D:3      | Noticed Crazy Yiuf
  3032 | D:3      | Killed Crazy Yiuf
  3312 | D:4      | Noticed Blork the orc
  3323 | D:4      | Killed Blork the orc
  3324 | D:4      | Reached skill level 5 in Armour
  3324 | D:4      | Reached XP level 7. HP: 38/43 MP: 7/7
  3492 | D:4      | Noticed Pikel
  3500 | D:4      | Paralysed by Pikel for 3 turns
  3505 | D:4      | Paralysed by Pikel for 3 turns
  3508 | D:4      | Killed Pikel
  3509 | D:4      | Reached skill level 5 in Axes
  3509 | D:4      | Reached XP level 8. HP: 46/48 MP: 8/8
  3652 | D:4      | Found a hide-covered altar of Uskayaw.
  3659 | D:4      | Noticed a +0 dagger
  3660 | D:4      | Noticed a +0 dagger
  3738 | D:4      | Noticed Edmund
  3750 | D:4      | Killed Edmund
  3826 | D:4      | Found a shadowy altar of Dithmenos.
  3850 | D:5      | Entered Level 5 of the Dungeon
  3855 | D:5      | Reached skill level 5 in Fighting
  3855 | D:5      | Reached skill level 6 in Axes
  4150 | D:5      | Found a staircase to the Ecumenical Temple.
  4171 | Temple   | Entered the Ecumenical Temple
  4205 | Temple   | Became a worshipper of Warmaster Okawaru
  4230 | D:5      | Found a shimmering altar of Xom.
  4268 | D:5      | Identified the +8 hunting sling of the Valley {speed,
                  | rPois}
  4444 | D:6      | Reached skill level 1 in Invocations
  4561 | D:6      | Reached XP level 9. HP: 54/54 MP: 8/10
  4629 | D:6      | Found Kummeoc's General Store.
  4638 | D:6      | Bought a scroll of noise for 12 gold pieces
  4749 | D:6      | Found Guongepn's General Store.
  4792 | D:6      | Reached skill level 7 in Axes
  5232 | D:7      | Found Wubbyun's Armour Emporium.
  5243 | D:7      | Bought a +2 helmet of intelligence for 258 gold pieces
  5259 | D:7      | Found a stormy altar of Qazlal.
  5277 | D:7      | Reached * piety under Okawaru
  5300 | D:7      | Found Hifanud's Armour Boutique.
  5387 | D:7      | Noticed Menkaure
  5394 | D:7      | Killed Menkaure
  5395 | D:7      | Reached skill level 8 in Axes
  5395 | D:7      | Reached skill level 5 in Shields
  5565 | D:7      | Reached ** piety under Okawaru
  5567 | D:7      | Reached XP level 10. HP: 39/60 MP: 12/12
  6126 | D:8      | Found a radiant altar of Vehumet.
  6446 | D:8      | Reached *** piety under Okawaru
  6447 | D:8      | Reached skill level 5 in Evocations
  6453 | D:8      | Reached skill level 9 in Axes
  6563 | D:8      | Noticed Maurice
  6637 | D:7      | Killed Maurice
  6637 | D:7      | Reached **** piety under Okawaru
  6700 | D:8      | Found Ypladui's Fire Supplies.
  6925 | D:9      | Noticed a kobold demonologist
  6929 | D:9      | Noticed a smoke demon
  6934 | D:9      | Noticed an orange demon
  6938 | D:9      | Killed a kobold demonologist
  6973 | D:9      | Reached skill level 5 in Invocations
  6996 | D:9      | Reached XP level 11. HP: 66/66 MP: 14/14
  6997 | D:9      | Reached ***** piety under Okawaru
  7135 | D:9      | Reached skill level 10 in Axes
  7206 | D:9      | Found Sisejocs's Armour Shoppe.
  7214 | D:9      | Found a staircase to the Orcish Mines.
  7232 | D:9      | Gained mutation: Your spells are a little harder to cast,
                  | but a little more powerful. [a neqoxec]
  7612 | D:9      | Noticed Joseph
  7615 | D:9      | Found a snail-covered altar of Cheibriados.
  7618 | D:9      | Found a burning altar of Makhleb.
  7632 | D:9      | Killed Joseph
  7636 | D:9      | Found a white marble altar of Elyvilon.
  7648 | D:9      | Found a basalt altar of Yredelemnul.
  7651 | D:9      | Found a glowing silver altar of Zin.
  7712 | D:9      | Reached ****** piety under Okawaru
  7735 | D:9      | Identified the +1 chain mail of a Gauntlet {rElec Str+4}
                  | (Okawaru gifted it to you on level 9 of the Dungeon)
  7735 | D:9      | Received a gift from Okawaru
  7904 | D:9      | Found the +4 Cigotuvi's embrace {rMiasma Drain rN+}
  7937 | D:9      | Reached skill level 11 in Axes
  7938 | D:9      | Identified a scroll of acquirement
  7938 | D:9      | Acquired the +8 mithril axe "Arga" {speed, Will+}
  7938 | D:9      | Found the +8 mithril axe "Arga" {speed, Will+}
  8075 | D:10     | Entered Level 10 of the Dungeon
  8104 | D:9      | Reached XP level 12. HP: 59/73 MP: 17/17
  8496 | D:10     | Noticed Sonja
  8499 | D:10     | Cast into level 1 of the Abyss (Sonja)
  8618 | Abyss:1  | Noticed a starcursed mass
  8620 | Abyss:1  | Noticed a thrashing horror
  8631 | Abyss:1  | Slain by a large abomination

Illustrated notes

Levels and vault maps discovered:
D:1:      onia_arrival_mini_spirals, layout_loops_ring,
          hellmonk_ecumenical_altar_dog_temple, minmay_pentomino_w4
D:2:      layout_basic
D:3:      wad_lake_hut, layout_basic, uniq_crazy_yiuf_cottage, uniq_terence,
          uniq_ijyb, uniq_grinder
D:4:      layout_basic, dancing_weapons_uskayaw, lemuel_tele_altar,
          uniq_blork_the_orc, uniq_pikel, uniq_edmund
D:5:      layout_cave_pools, xom_butterflies, minmay_temple_entry_offerings
D:6:      layout_basic, serial_shops, nicolae_shop_hallway_stairs,
          nicolae_shop_crystal
D:7:      layout_basic, nicolae_qazlal_eye_of_the_storm, serial_shops,
          nicolae_shop_crystal, nicolae_square_shop, uniq_menkaure
D:8:      layout_loops_corners, nicolae_overflow_crystal_walls,
          nicolae_shop_fire_sale [nicolae_sub_dead_trees], uniq_maurice
D:9:      layout_loops_cross, minmay_overflow_temple_star_hex, orc_david_3,
          kennysheep_minor_cross, hellmonk_guarded_unrand_cigotuvi, uniq_joseph
D:10:     layout_loops_cross, david_lair_shrubbed,
          nicolae_trove_entry_free_sample, uniq_sonja, uniq_snorg
Temple:   ebering_untended_altars
Abyss:1:  base: D:3, hangedman_abyss_theft

Skill      XL: |  1  2  3  4  5  6  7  8  9 10 11 |
---------------+----------------------------------+-----
Axes           | 2 3 4 5 6 8 9 11 | 11.1
Armour         | 4 5 6 7 8 |  8.5
Fighting       | 4 5 6 7 |  7.9
Shields        | 4 5 6 |  6.8
Evocations     | 2 3 4 5 6 |  6.8
Invocations    | 1 3 5 6 |  6.8
Unarmed Combat | |  0.9

Action                   |  1- 3 |  4- 6 |  7- 9 | 10-12 || total
-------------------------+-------+-------+-------+-------++-------
Melee: War axe           |    99 |    76 |   201 |   319 ||   695
       Hand axe          |       |    74 |       |       ||    74
       Unarmed           |       |       |       |    15 ||    15
       Broad axe         |       |       |       |    88 ||    88
Evoke: Wand              |       |       |       |     2 ||     2
  Use: Scroll            |     3 |    10 |     3 |     6 ||    22
       Potion            |       |     1 |       |     3 ||     4
Armor: Scale mail        |    61 |       |       |       ||    61
       Chain mail        |     5 |    74 |   153 |   408 ||   640
       Skin              |       |       |     2 |     8 ||    10
Dodge: Dodged            |    67 |    64 |    70 |   220 ||   421
Block: Buckler           |    14 |    29 |    30 |   137 ||   210

Table legend: (Time is in decaauts)
 A = Elapsed time spent in this place.
 B = Non-inter-level travel time spent in this place.
 C = Inter-level travel time spent in this place.
 D = Time resting spent in this place.
 E = Time spent auto-exploring this place.
 F = Levels seen in this place.
 G = Mean time per level.
                   A        B        C        D        E       F      G
               +--------+--------+--------+--------+--------+-----+--------+
         Total |   8763 |   8627 |    136 |    987 |   5303 |  12 |  730.2 |
       Dungeon |   8596 |   8460 |    136 |    987 |   5284 |  10 |  859.6 |
        Temple |     49 |     49 |      0 |      0 |     19 |   1 |   49.0 |
         Abyss |    117 |    117 |      0 |      0 |      0 |   1 |  117.0 |
               +--------+--------+--------+--------+--------+-----+--------+

Top non-repeatable levels by time:
     D:3: 1507 daAuts
     D:9: 1424 daAuts
     D:8: 1140 daAuts
     D:1: 1135 daAuts
     D:7: 786 daAuts
     D:4: 706 daAuts
     D:2: 611 daAuts
     D:6: 589 daAuts
     D:5: 511 daAuts
    D:10: 185 daAuts
 Abyss:1: 117 daAuts
  Temple: 49 daAuts
